Map: Site Delta LE

Players

Zushen

  • Race: Terran Terran
  • League: Diamond
  • Spawn Location: 11:00

TwentyQueens - Winner!

  • Race: Zerg Zerg
  • League: Diamond
  • Spawn Location: 5:00

VOD

Have the link to the VOD?

Description

Time

  • Played on: June 25, 2024, 12:29 a.m.
  • Length: 9:22
Show
View Real Time Build Order
Export as new Build Order

Zushen Terran 

Build Orders: Reaper Expand 

Get SALT Encoding   

  12  0:00  SCV  
  13  0:12  SCV  
  14  0:17  Supply Depot  
  14  0:24  SCV  
  15  0:39  SCV, Barracks  
  16  0:43  Refinery  
  16  0:51  SCV  
  17  1:03  SCV  
  18  1:15  SCV  
  19  1:27  Orbital Command  
  19  1:28  Reaper  
  20  1:47  Command Center  
  20  1:50  Supply Depot  
  20  1:54  SCV  
  20  2:00  Marine  
  22  2:07  SCV  
  23  2:17  Factory  
  23  2:20  Barracks Reactor  
  23  2:24  SCV  
  24  2:36  SCV  
  25  2:42  Command Center  
  25  2:50  SCV  
  26  3:02  SCV  
  26  3:05  Barracks Tech Lab, Refinery, Orbital Command  
  27  3:15  SCV  
  27  3:16  Hellion  
  29  3:20  Hellion  
  31  3:32  SCV x2  
  33  3:42  Starport  
  33  3:45  Hellion  
  33  3:48  Hellion  
  37  3:53  SCV x2  
  39  3:58  Orbital Command  
  39  4:01  Barracks Tech Lab  
  39  4:07  Hellion  
  39  4:09  SCV x2  
  43  4:14  Hellion  
  45  4:27  SCV, Barracks x2  
  45  4:28  SCV  
  47  4:34  Hellion  
  49  4:45  Stimpack  
  49  4:47  Barracks  
  45  4:58  Widow Mine x2  
  48  5:02  SCV x2  
  48  5:03  Medivac  
  48  5:05  SCV  
  53  5:10  Barracks  
  53  5:13  Barracks  
  53  5:17  Marine x2  
  55  5:28  Engineering Bay, Marine  
  55  5:29  Widow Mine x2  
  55  5:32  SCV  
  61  5:37  Barracks Reactor x3  
  61  5:47  SCV x2  
  53  5:51  Medivac  
  53  5:54  Marine  
  53  5:56  Widow Mine x2  
  59  6:05  Marine  
  51  6:24  Marine x6  
  45  6:34  Marine x3  
  45  6:36  Widow Mine x2  
  49  6:42  Marine x3  
  50  6:52  Marine x5  
  55  7:00  Terran Infantry Weapons Level 1  
  55  7:01  Marine x4  
  45  7:11  Marine x5  
  44  7:18  Marine  
  44  7:21  Marine x3  
  45  7:28  Marine  
  45  7:29  Marine x2  
  38  7:45  Medivac  
  39  7:51  Marine x5  
  39  7:53  Marine  
  39  7:54  Marine  
  46  8:07  Marine x2  
  46  8:09  Marine  
  46  8:17  Marine x6  
  41  8:21  Widow Mine  
  41  8:24  Marine  
  41  8:25  Marine  
  45  8:27  Marine  
  45  8:30  Orbital Command  
  45  8:33  Widow Mine, Medivac  
  50  8:35  Marine  
  51  8:42  Marine x6  
  57  8:53  Marine x2  
  59  9:01  Missile Turret  
  59  9:04  SCV  
  59  9:05  SCV  
Show
View Real Time Build Order
Export as new Build Order

TwentyQueens Zerg - Winner!

Build Orders: Hatch First 

Get SALT Encoding   

  12  0:01  Drone  
  13  0:12  Overlord  
  13  0:18  Drone  
  14  0:31  Drone x2  
  16  0:49  Hatchery  
  15  0:52  Drone  
  15  0:56  Drone  
  17  0:59  Drone  
  18  1:10  Extractor  
  17  1:15  Spawning Pool  
  17  1:17  Drone  
  17  1:21  Drone  
  18  1:28  Drone  
  19  1:39  Drone  
  20  1:50  Drone  
  21  2:02  Queen x2, Zergling x4  
  21  2:05  Extractor  
  26  2:12  Overlord x2  
  26  2:22  Metabolic Boost  
  26  2:24  Drone x2  
  28  2:35  Drone  
  30  2:37  Drone  
  31  2:44  Drone  
  31  2:45  Drone  
  31  2:47  Lair  
  32  3:06  Hatchery  
  32  3:11  Drone x2  
  33  3:17  Drone x2  
  35  3:21  Drone  
  36  3:32  Drone  
  36  3:35  Drone x5  
  40  3:48  Spire  
  40  3:49  Zergling x4  
  40  3:54  Zergling x4  
  43  4:03  Overlord  
  43  4:17  Queen x2  
  43  4:20  Overseer  
  47  4:24  Drone  
  47  4:25  Drone x2, Overlord x2  
  47  4:27  Overlord  
  50  4:36  Zergling x10  
  55  4:40  Zergling x4  
  55  4:54  Drone  
  55  4:55  Overlord x2  
  54  5:07  Mutalisk x2  
  54  5:08  Mutalisk x3  
  64  5:18  Extractor  
  64  5:19  Extractor  
  62  5:21  Mutalisk  
  62  5:23  Zergling x4  
  62  5:24  Zergling x10  
  71  5:28  Drone  
  71  5:29  Drone x2  
  74  5:38  Mutalisk  
  75  5:51  Mutalisk  
  75  5:53  Drone  
  75  5:54  Drone x6  
  84  6:01  Mutalisk  
  79  6:18  Zergling x12  
  70  6:27  Zergling x2  
  70  6:28  Zergling x12  
  76  6:34  Zergling x2  
  76  6:35  Zergling x4  
  79  6:45  Drone, Mutalisk x2  
  79  7:03  Hatchery  
  72  7:12  Mutalisk x5  
  72  7:14  Hatchery  
  72  7:32  Zergling x10  
  72  7:33  Zergling x10  
  80  7:43  Drone x4  
  80  7:44  Extractor  
  81  7:45  Extractor  
  81  7:48  Mutalisk  
  78  7:53  Hatchery  
  78  7:56  Drone x3  
  80  8:03  Evolution Chamber  
  80  8:04  Evolution Chamber, Baneling Nest  
  75  8:14  Mutalisk x2  
  75  8:15  Drone, Mutalisk x3  
  81  8:21  Mutalisk  
  81  8:22  Drone  
  81  8:24  Zergling x8  
  87  8:30  Hatchery, Zergling x6  
  89  8:39  Zergling x2  
  89  8:40  Zergling x4  
  91  8:48  Zergling x4  
  92  8:50  Baneling x4, Overlord x4  
Tags
 
Add a new tag
Caveats
  • Supply blocks, unpowered buildings, or Contaminate may cause inaccurate times.
  • Supply counts are checked every 10 seconds.